 Dungeon Crawl Stone Soup version 0.27.1-34-g3ba077fa99 (webtiles) character file.

Game seed: 8486209259046900446

5 growler the Digger (level 1, 0/13 HPs)
             Began as a Formicid Earth Elementalist on Jan 13, 2022.
             Slain by a kobold (6 damage)
             ... on level 1 of the Dungeon.
             The game lasted 00:00:54 (218 turns).

growler the Digger (Formicid Earth Elementalist)     Turns: 218, Time: 00:00:55

Health: 0/13       AC:  2    Str: 12    XL:     1   Next: 88%
Magic:  0/3        EV: 12    Int: 14    God:
Gold:   13         SH:  0    Dex: 11    Spells: 3/4 levels left

rFire    . . .     SeeInvis +   (no weapon)
rCold    . . .     Faith    .   (no shield)
rNeg     . . .     Spirit   .   b - +0 robe
rPois    .         Reflect  .   (helmet unavailable)
rElec    .         Harm     .   (no cloak)
rCorr    .         Rampage  .   (no gloves)
Will     .....                  (no boots)
Stlth    ++........             (no amulet)
HPRegen  0.04/turn              (no ring)
MPRegen  0.08/turn              (no ring)

@: no status effects
A: permanent stasis, dig shafts and tunnels, antennae 3, four strong arms
a: Dig, Shaft Self


You were on level 1 of the Dungeon.
You visited 1 branch of the dungeon, and saw 1 of its levels.

You collected 13 gold pieces.

Inventory:

Missiles
 c - 89 stones
Armour
 b - a +0 robe (worn)


   Skills:
 - Level 1.7 Dodging
 - Level 2.4 Stealth
 + Level 2.3 Spellcasting
 + Level 1.4 Transmutations
 + Level 3.8 Earth Magic


You had 3 spell levels left.
You knew the following spells:

 Your Spells              Type           Power      Damage    Failure   Level
a - Sandblast             Erth           24%        2d8       4%          1

Your spell library contained the following spells:

 Spells                   Type           Power      Damage    Failure   Level
 Passwall                 Tmut/Erth      6%         N/A       12%         2
 Stone Arrow              Conj/Erth      14%        3d7       30%         3
 Petrify                  Tmut/Erth      8%         N/A       61%         4


Dungeon Overview and Level Annotations

Branches:
Dungeon (1/15)

Altars:


Innate Abilities, Weirdness & Mutations

You cannot be hasted, slowed, berserked, paralysed or teleported.
You can dig through walls and to a lower floor.
You have a pair of large antennae on your head. (SInv)
Your four strong arms can wield two-handed weapons with a shield.


Message History

You see here a hobgoblin corpse.
You sense a monster nearby.
You open the door.
There is an open door here.
As you open the door, it creaks loudly! 2 goblins come into view.
The goblin shouts! x2
Aim: a goblin, quivering stones (74% to hit)
The blast of sand hits the goblin!
You kill the goblin!
You can't see any susceptible monsters within range! (Use Z to cast anyway.) Unknown command.
A goblin is nearby!
Aim: a goblin, quivering stones (74% to hit)
The blast of sand hits the goblin.
You kill the goblin!
There is an open door here.
c - 68 stones (gained 17)
You see here a goblin corpse.
c - 93 stones (gained 25)
You see here a goblin corpse.
There is an open door here.
There is an open door here.
You open the door.
There is an open door here.
You open the door.
You sense a monster nearby.
A kobold comes into view. It is wielding a +0 mace.
Found a helmet.
There is an open door here.
A kobold is nearby!
The kobold shouts!
Aim: a kobold, wielding a +0 mace (74% to hit)
The blast of sand hits the kobold.
Aim: a kobold, wielding a +0 mace (moderately wounded, 74% to hit)
The blast of sand misses the kobold.
Aim: a kobold, wielding a +0 mace (moderately wounded, 74% to hit)
The blast of sand misses the kobold.
The kobold barely misses you.
You don't have enough magic to cast this spell.
Unknown command.
You hit the kobold but do no damage. The kobold closely misses you.
You hit the kobold. The kobold hits you with a +0 mace.
You hit the kobold. The kobold hits you with a +0 mace.
* * * LOW HITPOINT WARNING * * *
There is an open door here.
There is an open door here.
There is an open door here.
Aim: a kobold, wielding a +0 mace (severely wounded, 74% to hit)
The blast of sand misses the kobold.
The kobold hits you with a +0 mace.
You die...

#§≈§§.§..≈≈≈#
#.......[...#
######'######
###8#8'8### #####
##.........###..≈##
##...........##..≈≈#
#............##†..§#
.......<....K8'.†.≈+
#............@#§§§≈#
##...........##..§≈#
##.........###..§##
####8†8#### #####
######'######
#...........#
#≈≈≈..§..≈≈≈#
###≈≈§≈≈≈≈###
####+####


You could see a kobold.

Vanquished Creatures
  2 goblins (D:1)
  2 hobgoblins (D:1)
4 creatures vanquished.

Notes
Turn   | Place    | Note
-------+----------+-------------------------------------------
     0 | D:1      | growler the Formicid Earth Elementalist began the quest for
                  | the Orb.
     0 | D:1      | Reached XP level 1. HP: 13/13 MP: 3/3
   218 | D:1      | Slain by a kobold

Illustrated notes

Levels and vault maps discovered:
D:1:      dpeg_arrival_morbid_curiosity, layout_basic,
          shapermc_ecumenical_altar_rom_forum, kennysheep_flooded_box

Action                   || total
-------------------------++-------
Melee: Unarmed           ||    14
 Cast: Sandblast         ||    10
Dodge: Dodged            ||    12
